 Dungeon Crawl Stone Soup version 0.27-a0-1136-g0b992a5a9d (webtiles) character file.

Game seed: 11422830322916802753

55500 night the Thaumaturge (level 14, -1/106 HPs)
             Began as a Djinni Venom Mage on May 4, 2021.
             Was a High Priest of Nemelex Xobeh.
             Engulfed by a cloud of freezing vapour (9 damage)
             ... on level 2 of the Orcish Mines.
             The game lasted 01:08:14 (22621 turns).

night the Thaumaturge (Djinni Venom Mage)          Turns: 22621, Time: 01:08:14

Health: -1/106     AC: 16    Str: 14    XL:     14   Next: 77%
Gold:   3016       EV: 10    Int: 16    God:    Nemelex Xobeh [*****.] SH:  6 Dex: 26

rFire    + + .     SeeInvis .   b - +4 demon trident of Prudence {elec, rCorr Int-5 Dex+5}
rCold    . . .     Faith    .   P - +0 buckler
rNeg     . . .     Spirit   .   Y - +3 scale mail {rC+}
rPois    ∞         Reflect  .   Z - +1 hat
rElec    .         Harm     .   t - +0 cloak
rCorr    +         Rampage  .   H - +0 pair of gloves
Will     +....                  (boots unavailable)
Stlth    +.........             X - amulet of regeneration
HPRegen  1.27/turn              f - +4 ring of protection
MPRegen  0.00/turn              F - ring "Feithus" {Str+7 Dex+6}

@: flying
A: sickness immunity, fire resistance 2, cold vulnerability 1, float, innate
caster, hp casting, extra vitality 1
a: Renounce Religion, Draw Escape, Draw Destruction, Draw Summoning, Triple
Draw, Deal Four, Stack Five


You were on level 2 of the Orcish Mines.
You worshipped Nemelex Xobeh.
Nemelex Xobeh was extremely pleased with you.
You visited 4 branches of the dungeon, and saw 19 of its levels.

You collected 3484 gold pieces.
You spent 468 gold pieces at shops.

Inventory:

Hand Weapons
 b - the +4 demon trident of Prudence (weapon) {elec, rCorr Int-5 Dex+5}
   (You acquired it on level 5 of the Dungeon)

   Occasionally, upon striking a foe, it can discharge electrical energy and
   cause terrible harm.
   It affects your intelligence (-5).
   It affects your dexterity (+5).
   It protects you from acid and corrosion.
 p - a +2 short sword of draining
 z - a +2 vorpal falchion
 C - a +0 vampiric trident
 S - the +8 dagger of the Fray {speed, rF+ Int+2}
   (You found it on level 6 of the Lair of Beasts)

   Attacks with this weapon are significantly faster.
   It affects your intelligence (+2).
   It protects you from fire.
Missiles
 c - 116 bolts
 d - 10 curare-tipped darts
 i - 492 stones
 o - 88 poisoned darts
 q - 162 arrows
 v - 66 sling bullets
 A - 21 boomerangs
 B - 8 atropa-tipped darts
Armour
 t - a +0 cloak (worn)
 H - a +0 pair of gloves (worn)
 P - a +0 buckler (worn)
 Y - a +3 scale mail of cold resistance (worn)
 Z - a +1 hat (worn)
Jewellery
 f - a +4 ring of protection (left hand)
 k - the brooch of Shielding {Spirit SH+8}
   (You found it on level 6 of the Lair of Beasts)

   [amulet of guardian spirit]

   It causes incoming damage to be divided between your reserves of health and
   magic.
   It affects your SH (+8).
 y - a ring of wizardry
 F - the ring "Feithus" (right hand) {Str+7 Dex+6}
   (You bought it in a shop on level 1 of the Dungeon)

   [ring of dexterity]

   It affects your strength (+7).
   It affects your dexterity (+6).
 T - a ring of fire
 X - an amulet of regeneration (around neck)
Wands
 K - a wand of charming (12)
 L - a wand of iceblast (9)
 O - a wand of digging (3)
 R - a wand of polymorph (4)
Scrolls
 n - 8 scrolls of teleportation
 u - 2 scrolls of blinking
 w - a scroll of fog
 G - 2 scrolls of fear
 N - 4 scrolls of summoning
Potions
 g - 4 potions of might
 h - 4 potions of curing
 m - 7 potions of heal wounds
 r - 3 potions of ambrosia
 x - 4 potions of brilliance
 D - 2 potions of cancellation
 I - 2 potions of attraction {unknown}
 J - 2 potions of lignification {unknown}
 M - 2 potions of resistance
 U - a potion of mutation {unknown}
Miscellaneous
 l - a lightning rod (4/4)
 V - a condenser vane


   Skills:
 + Level 11.7 Fighting
 + Level 11.0 Polearms
 - Level 2.1 Dodging
 - Level 1.5 Stealth
 - Level 4.0 Shields
 + Level 13.2 Spellcasting
 - Level 8.2 Invocations
 - Level 4.0 Evocations


You had 8 spell levels left.
You knew the following spells:

 Your Spells              Type           Power      Damage    Failure   Level
a - Sting                 Tmut/Pois      100%       1d8       1%          1
b - Poisonous Vapours     Pois/Air       100%       N/A       1%          2
c - Ignite Poison         Fire/Tmut/Pois 52%        N/A       1%          3
d - Olgreb's Toxic Radia  Pois           52%        N/A       1%          4
e - Mephitic Cloud        Conj/Pois/Air  52%        N/A       1%          3
f - Sandblast             Erth           100%       2d20      1%          1
g - Corpse Rot            Necr/Air       N/A        N/A       1%          2
h - Dazzling Flash        Conj/Hex       100%       N/A       1%          3
i - Lesser Beckoning      Tloc           26%        N/A       1%          3
j - Summon Lightning Spi  Summ/Air       52%        N/A       1%          4
k - Silence               Hex/Air        26%        N/A       3%          5
Your spell library was empty.

Dungeon Overview and Level Annotations

Branches:
Dungeon (10/15)            Temple (1/1) D:7            Lair (6/6) D:8
  Swamp (0/4) Lair:4       Spider (0/4) Lair:4        Slime (0/5) Lair:5
    Orc (2/2) D:9             Elf (0/3) Orc:2

Altars:
Ashenzari
Cheibriados
Dithmenos
Elyvilon
Fedhas
Gozag
Hepliaklqana
Kikubaaqudgha
Makhleb
Nemelex Xobeh
Okawaru
Qazlal
Ru
Sif Muna
Trog
Uskayaw
Vehumet
Wu Jian
Xom
Yredelemnul
Zin
The Shining One
Beogh

Shops:
D:1 *   D:2 (   D:4 [?!   Orc:1 :

Portals:
Bazaar: Orc:2

Annotations:
Lair:4 2 transporters, Som Pofo's ghost, journeyman DDGl


Innate Abilities, Weirdness & Mutations

You are immune to sickness and miasma.
You are immune to poison.
Your flesh is very heat resistant. (rF++)
You are vulnerable to cold. (rC-)
You float through the air rather than walking.
You learn spells naturally, not from books.
Your magical power is your life essence.
You have superior vitality. (+4 HP)


Message History

You hear a shout!
Unknown command.
The orc priest looks even sicker.
The orc warrior looks even sicker.
Your toxic aura wanes.
Casting: Olgreb's Toxic Radiance (mildly dangerous; 1% risk of failure)
Confirm with . or Enter, or press ? or * to list all spells.
You ignite the poison in your surroundings!
The orc warrior seems to burn from within!!!
You kill the orc warrior!
The orc priest seems to burn from within!
You kill the orc priest!
* * * LOW HITPOINT WARNING * * *
Unknown command.
Okay, then.
Okay, then.
Really fly into a travel-excluded area?
Really fly into that cloud of freezing vapour?
Okay, then.
Really fly into that cloud of freezing vapour? [Y]es or [N]o only, please.
Really fly into that cloud of freezing vapour?
Okay, then.
There is a flickering gateway to a bazaar here.
Drop what? 50/52 slots (_ for help) (? for menu, Esc to quit)
You drop a wand of flame (54).
You are engulfed in freezing vapours.
You stop dropping stuff.
* * * LOW HITPOINT WARNING * * *
Drop what? 49/52 slots (_ for help) (? for menu, Esc to quit)
You drop a ring of resist corrosion.
You are engulfed in freezing vapours.
You stop dropping stuff.
* * * LOW HITPOINT WARNING * * *
Drop what? 48/52 slots (_ for help) (? for menu, Esc to quit)
You drop a staff of poison.
You drop an amulet of the acrobat.
You drop a +6 ring of strength.
You are engulfed in freezing vapours.
You stop dropping stuff.
* * * LOW HITPOINT WARNING * * *
You are engulfed in freezing vapours.
You die...
Your body glows slightly and disappears.

,,,,,,,,,,,,,,,,,,,,,*,,,**#...).
,,,,,,,,,...^........*#,,,*#..)).
,,,,,,,,,......#......##,,,#...))
**,,,,,,,.......☼.°#...*#...)))).
,,*,*,,*,......○°..#.#####....).)
,,,,,,,,,.....).°.°....8......).)
,,,,,,,,,......°≈......).)).)..).
,,,,,*,<,.....☼°○≈...........o_..
,,,,,,,,,...°.○°@°≈.°.o..).......
,,,,,*,**#.°°..≈☼°○°...8.........
,,,,,*,**#.○.°°°○.°.°####*,,,,,,,
,,,,,,,,*......°°.°°...#*,,,,,,,,
,,,,,,,,*........°#...##,,,*,,,,,
,,,,,,,,,........###.##,,,**,,,,,
,,,,,,,,,......##.*###,,,***8,,,8
,,,,,,,,,....##,,.,* *∩,****,,,,,
*,,,,,,,>,...,,,,,** ****,,*,,,,,


You could see an orc wizard.

Vanquished Creatures
  Rupert (Lair:4)
  A dire elephant (Lair:6)
  Harold (Lair:1)
  5 hydras
  2 catoblepae
  Erica (Lair:2)
  A merfolk avatar (Lair:6)
  An orc high priest (Orc:2)
  A sea snake (Lair:6)
  Pikel (D:5)
  3 orc knights (Orc:2)
  2 orc sorcerers (Orc:2)
  5 black mambas
  4 oklob plants (Lair:5)
  3 manticores
  3 elephants
  15 cane toads
  Maggie (D:7)
  9 rime drakes
  2 kobold demonologists
  12 komodo dragons
  A queen bee (Lair:3)
  A jumping spider (Lair:4)
  A troll (Orc:1)
  7 polar bears
  4 hornets
  10 blink frogs
  11 dream sheep (Lair:6)
  Sigmund (D:2)
  A shadow (D:9)
  2 vampires
  3 redbacks (Lair:4)
  A wraith (D:10)
  4 wyverns
  4 basilisks (Lair:3)
  34 yaks
  Eustachio (D:6)
  4 steam dragons
  4 vampire mosquitoes (Lair:4)
  2 wargs
  Menkaure (D:6)
  2 acid dragons
  Edmund (D:6)
  17 water moccasins
  2 ice beasts
  19 orc warriors
  A hornet zombie (D:8)
  A sky beast (D:8)
  3 black bears
  2 ogres
  13 wolves
  3 phantoms
  2 centaurs (D:8)
  9 kobold brigands
  13 bullfrogs
  5 scorpions
  2 gnoll sergeants
  24 killer bees (Lair:3)
  2 troll zombies (D:9)
  7 wights
  4 howler monkeys
  2 centaur zombies
  A jelly (D:6)
  A bullfrog skeleton (D:5)
  12 orc priests
  Crazy Yiuf (D:4)
  Jessica (D:3)
  Natasha (thrice) (D:2)
  2 iguanas
  13 orc wizards
  2 killer bee zombies
  6 ogre zombies (D:9)
  A hound zombie (D:5)
  A hound skeleton (D:4)
  A mummy (D:8)
  2 howler monkey zombies
  14 gnolls
  4 adders
  A river rat (Lair:3)
  A shadow imp (D:7)
  A white imp (D:5)
  An ufetubus (D:5)
  An adder zombie (D:5)
  2 worms
  2 dart slugs
  52 orcs
  A bat (D:3)
  3 bat zombies (D:9)
  4 endoplasms
  A giant cockroach (D:2)
  6 goblins
  4 hobgoblins
  8 jackals
  A quokka (D:5)
  9 ball pythons
  A frilled lizard (D:1)
  3 goblin skeletons (D:9)
  A goblin zombie (D:9)
  3 hobgoblin zombies (D:9)
  22 kobolds
  An orc skeleton (D:9)
  17 orc zombies (D:9)
  8 rats
  2 butterflies (Lair:2)
  A fire vortex (Orc:1)
527 creatures vanquished.

Vanquished Creatures (collateral kills)
  A basilisk (Lair:3)
  A centaur (D:5)
  A wight (D:10)
3 creatures vanquished.

Vanquished Creatures (others)
  An orc (Orc:2)
  55 fungi
  96 plants
152 creatures vanquished.

Grand Total: 682 creatures vanquished

Notes
Turn   | Place    | Note
-------+----------+-------------------------------------------
     0 | D:1      | night the Djinni Venom Mage began the quest for the Orb.
     0 | D:1      | Reached XP level 1. HP: 15/15 MP: 0/0
   351 | D:1      | Reached skill level 3 in Spellcasting
   636 | D:1      | Reached XP level 2. HP: 20/21 MP: 0/0
  1069 | D:1      | Found Anlup's Assorted Antiques.
  1337 | D:2      | Noticed Sigmund
  1352 | D:2      | Killed Sigmund
  1353 | D:2      | Reached skill level 5 in Spellcasting
  1353 | D:2      | Reached XP level 3. HP: 12/25 MP: 0/0
  1353 | D:2      | Learned a level 1 spell: Sandblast
  1353 | D:2      | Reached XP level 4. HP: 15/31 MP: 0/0
  1353 | D:2      | Reached XP level 5. HP: 17/35 MP: 0/0
  1353 | D:2      | Learned a level 2 spell: Corpse Rot
  1840 | D:2      | Noticed Natasha
  1842 | D:2      | Killed Natasha
  1843 | D:2      | Reached XP level 6. HP: 35/40 MP: 0/0
  2135 | D:2      | Found Deetus's Weapon Shop.
  2204 | D:2      | Noticed Natasha
  2206 | D:2      | Killed Natasha
  2262 | D:2      | Noticed Natasha
  2265 | D:2      | Killed Natasha
  2384 | D:3      | Noticed Jessica
  2387 | D:3      | Killed Jessica
  2388 | D:3      | Reached skill level 6 in Spellcasting
  3068 | D:3      | Reached XP level 7. HP: 43/45 MP: 0/0
  3068 | D:3      | Learned a level 3 spell: Dazzling Flash
  3648 | D:4      | Reached skill level 1 in Fighting
  3927 | D:4      | Found Eshrov's Distillery.
  3949 | D:4      | Reached skill level 2 in Fighting
  4196 | D:4      | Found a runed translucent door.
  4197 | D:4      | Noticed Crazy Yiuf
  4203 | D:4      | Killed Crazy Yiuf
  4665 | D:4      | Found Fasainko's Armour Boutique.
  4666 | D:4      | Found Jeabil's Magic Scroll Shoppe.
  4686 | D:4      | Reached skill level 7 in Spellcasting
  5235 | D:5      | Entered Level 5 of the Dungeon
  5384 | D:4      | Reached XP level 8. HP: 40/58 MP: 0/0
  5601 | D:5      | Found a bloodstained altar of Trog.
  5606 | D:5      | Noticed Pikel
  5609 | D:5      | Killed Pikel
  5610 | D:5      | Reached skill level 5 in Fighting
  5810 | D:5      | Reached skill level 8 in Spellcasting
  5875 | D:5      | Identified a scroll of acquirement
  6290 | D:5      | Acquired the +4 demon trident of Prudence {elec, rCorr
                  | Int-5 Dex+5}
  6335 | D:6      | Reached skill level 1 in Polearms
  6335 | D:6      | Reached XP level 9. HP: 11/66 MP: 0/0
  6335 | D:6      | Learned a level 3 spell: Lesser Beckoning
  6611 | D:6      | Noticed Edmund
  6613 | D:6      | Noticed Eustachio
  6617 | D:6      | Killed Edmund
  6619 | D:6      | Killed Eustachio
  6620 | D:6      | Reached skill level 2 in Polearms
  6834 | D:6      | Acquired 1241 gold pieces
  7001 | D:1      | Bought a blackened marble ring for 150 gold pieces
  7001 | D:1      | Bought a brightly glowing granite ring for 150 gold pieces
  7001 | D:1      | Identified the ring "Feithus" {Str+7 Dex+6} (You bought it
                  | in a shop on level 1 of the Dungeon)
  7129 | D:4      | Bought a scroll of fear for 35 gold pieces
  7129 | D:4      | Bought a scroll of blinking for 75 gold pieces
  7133 | D:4      | Bought a +0 pair of gloves for 58 gold pieces
  7277 | D:6      | Found a glowing golden altar of the Shining One.
  7415 | D:6      | Noticed Menkaure
  7426 | D:6      | Killed Menkaure
  7857 | D:7      | Reached skill level 9 in Spellcasting
  8223 | D:7      | Found a staircase to the Ecumenical Temple.
  8254 | Temple   | Entered the Ecumenical Temple
  8571 | Temple   | Became a worshipper of Nemelex Xobeh the Trickster
  8679 | D:7      | Noticed Maggie
  8685 | D:7      | Killed Maggie
  8686 | D:7      | Reached skill level 1 in Invocations
  8867 | D:7      | Found a stormy altar of Qazlal.
  8948 | D:7      | Reached skill level 2 in Invocations
  8959 | D:7      | Found a hide-covered altar of Uskayaw.
  9170 | D:8      | Reached XP level 10. HP: 66/72 MP: 0/0
  9349 | D:8      | Reached skill level 5 in Polearms
  9476 | D:8      | Found a staircase to the Lair.
  9634 | D:8      | Noticed a kobold demonologist
  9640 | D:8      | Killed a kobold demonologist
  9646 | D:8      | Reached skill level 10 in Spellcasting
  9876 | D:8      | Reached skill level 5 in Invocations
 10174 | D:8      | Found the +5 demon whip "Spellbinder" {antimagic, Will+}
 10378 | D:8      | Reached * piety under Nemelex Xobeh
 10592 | D:8      | Found a snail-covered altar of Cheibriados.
 10812 | D:9      | Reached XP level 11. HP: 69/76 MP: 0/0
 10812 | D:9      | Learned a level 4 spell: Summon Lightning Spire
 10997 | D:9      | Found a staircase to the Orcish Mines.
 11081 | D:9      | Received a gift from Nemelex Xobeh
 11833 | D:10     | Entered Level 10 of the Dungeon
 12475 | D:10     | Reached ** piety under Nemelex Xobeh
 13071 | Lair:1   | Entered Level 1 of the Lair of Beasts
 13390 | Lair:1   | Noticed Harold
 13396 | Lair:1   | Killed Harold
 13397 | Lair:1   | Reached skill level 1 in Shields
 13788 | Lair:1   | Noticed a catoblepas
 13799 | Lair:1   | Killed a catoblepas
 13800 | Lair:1   | Reached skill level 2 in Shields
 13800 | Lair:1   | Reached skill level 11 in Spellcasting
 13960 | Lair:1   | Noticed a seven-headed hydra
 13988 | Lair:1   | Killed a seven-headed hydra
 13989 | Lair:1   | Reached XP level 12. HP: 32/85 MP: 0/0
 15371 | Lair:2   | Noticed Erica
 15383 | Lair:2   | Killed Erica
 15708 | Lair:2   | Noticed a six-headed hydra
 15720 | Lair:2   | Killed a six-headed hydra
 16059 | Lair:2   | Noticed a six-headed hydra
 16074 | Lair:2   | Killed a six-headed hydra
 17871 | Lair:3   | Noticed a seven-headed hydra
 17879 | Lair:3   | Killed a seven-headed hydra
 17880 | Lair:3   | Reached XP level 13. HP: 89/94 MP: 0/0
 17880 | Lair:3   | Learned a level 5 spell: Silence
 18184 | Lair:3   | Reached *** piety under Nemelex Xobeh
 18355 | Lair:3   | Identified the +7 dagger of Excruciating Pain {vamp, Str+3
                  | SInv Stlth-}
 18487 | Lair:3   | Reached skill level 12 in Spellcasting
 19046 | Lair:4   | Received a gift from Nemelex Xobeh
 19131 | Lair:4   | Noticed Rupert
 19146 | Lair:4   | Killed Rupert
 19147 | Lair:4   | Reached skill level 10 in Fighting
 19193 | Lair:4   | Found a staircase to the Swamp.
 19257 | Lair:4   | Found a transporter.
 19290 | Lair:4   | Noticed Som Pofo's ghost (journeyman DDGl)
 19380 | Lair:4   | Found a transporter.
 19449 | Lair:4   | Found a hole to the Spider Nest.
 19639 | Lair:4   | Received a gift from Nemelex Xobeh
 19986 | Lair:5   | Reached **** piety under Nemelex Xobeh
 20073 | Lair:5   | Received a gift from Nemelex Xobeh
 20085 | Lair:5   | Reached skill level 10 in Polearms
 20125 | Lair:5   | Reached skill level 1 in Evocations
 20402 | Lair:5   | Found a staircase to the Slime Pits.
 20408 | Lair:5   | Received a gift from Nemelex Xobeh
 20467 | Lair:5   | Reached skill level 2 in Evocations
 20467 | Lair:5   | Reached XP level 14. HP: 99/103 MP: 0/0
 20949 | Lair:6   | Entered Level 6 of the Lair of Beasts
 21013 | Lair:6   | Received a gift from Nemelex Xobeh
 21523 | Lair:6   | Reached ***** piety under Nemelex Xobeh
 21552 | Lair:6   | Received a gift from Nemelex Xobeh
 21589 | Lair:6   | Reached skill level 13 in Spellcasting
 21747 | Lair:6   | Found the brooch of Shielding {Spirit SH+8}
 21767 | Lair:6   | Identified the +8 dagger of the Fray {speed, rF+ Int+2}
 21856 | Lair:6   | Noticed a dire elephant
 21868 | Lair:6   | Killed a dire elephant
 22112 | Orc:1    | Entered Level 1 of the Orcish Mines
 22335 | Orc:1    | Received a gift from Nemelex Xobeh
 22336 | Orc:1    | Found Homegg's Book Boutique.
 22542 | Orc:2    | Entered Level 2 of the Orcish Mines
 22586 | Orc:2    | Noticed an orc warlord
 22602 | Orc:2    | Found a flickering gateway to a bazaar.
 22620 | Orc:2    | HP: 7/106 [something (18)]
 22621 | Orc:2    | Engulfed by a cloud of freezing vapour

Illustrated notes

Levels and vault maps discovered:
D:1:      dpeg_arrival_stone_temple_mockup, layout_basic, serial_shops,
          nicolae_shop_temple_entry_statues_fountains
D:2:      layout_loops_ring, serial_shops, nicolae_shop_waterfront,
          uniq_sigmund, uniq_natasha
D:3:      layout_loops_cross, lemuel_crystal_altar, serial_forest,
          infiniplex_forest_lined_2, infiniplex_forest_corner_1,
          infiniplex_forest_clump_double, infiniplex_forest_lined_room_,
          infiniplex_forest_lined_1, uniq_jessica
D:4:      minmay_skewed_foursquare, layout_basic, serial_shops, shop, shop,
          shop, minmay_fractal_squares_diagonal_5, uniq_crazy_yiuf_cottage
D:5:      layout_cave_pools, amcnicky_altar_gilded, serial_column_ruins,
          column_ruins_hut, column_ruins_open_tiny, column_ruins_open_medium,
          column_ruins_columns_straight, hangedman_abyss_or_decor_passed,
          kennysheep_pointless_box, corexii_hall_statues_t,
          grunt_decor_fettered, uniq_pikel
D:6:      layout_layer_cave, nicolae_tso_carved_into_rock, serial_rivers,
          chequers_serial_rivers_small_b, chequers_serial_rivers_small_3,
          chequers_serial_rivers_small_b, chequers_serial_rivers_micro_c,
          chequers_serial_rivers_small_b, chequers_serial_rivers_room_b,
          sigmund_army, uniq_edmund, uniq_menkaure, uniq_eustachio
D:7:      layout_basic, old_standard_altar, nicolae_qazlal_eye_of_the_storm,
          minmay_temple_entry_slanted, uniq_maggie
D:8:      kennysheep_blocky_hall, layout_loops_cross, chei_slow_surprise,
          due_lair_maze_entry_diamond, special_room [special_room_kobold]
D:9:      layout_rooms, lemuel_zombie_altar_kikubaaqudgha, zombieorc2_lemuel,
          grunt_decor_cap
D:10:     layout_roguey, st_stairs_10, eino_curves_04, lemuel_flame_loot_1
Temple:   regret_index_temple_generic_petals
Lair:1:   layout_layer_cave, infiniplex_staircase_pool, uniq_harold
Lair:2:   layout_hall_layers, lemuel_fruit_fields, uniq_erica
Lair:3:   regret_index_wax_grids, layout_hall_layers
Lair:4:   layout_hall_layers, minmay_swamp_entry_swarm,
          spider_nest_entry_funnel_web, gammafunk_ghost_berserking_beasts,
          minmay_lair_drake_nest, uniq_rupert
Lair:5:   layout_gridlike, slime_dummy, minmay_lair_oklob_chamber,
          serial_bayou_shore_b
Lair:6:   gammafunk_lair_ancient_temple, layout_misc_corridors,
          chequers_serial_rivers_micro_c, lemuel_fruit_tree,
          infiniplex_staircase_pool_2
Orc:1:    layout_caves, serial_shops, shop, nicolae_orc_lava_tube
Orc:2:    grunt_orc_cross, layout_caves, gammafunk_ghost_abyssal_escape,
          serial_shops, freezing_bzr, sword_in_stone

Skill      XL: |  1  2  3  4  5  6  7  8  9 10 11 12 13 14 |
---------------+-------------------------------------------+-----
Spellcasting   | 3 5 6 7 8 9 10 11 12 13 | 13.2
Fighting       | 3 5 7 9 10 11 | 11.7
Polearms       | 1 4 6 7 8 10 11 | 11.0
Invocations    | 2 5 7 8 |  8.2
Shields        | 2 4 |  4.0
Evocations     | 2 4 |  4.0
Dodging        | |  2.1
Stealth        | |  1.5

Action                   |  1- 3 |  4- 6 |  7- 9 | 10-12 | 13-15 || total
-------------------------+-------+-------+-------+-------+-------++-------
Melee: Staff             |     3 |    25 |    33 |     6 |       ||    67
       Demon trident     |       |       |    55 |   286 |   247 ||   588
 Cast: Sting             |    21 |    10 |    25 |    39 |    26 ||   121
       Poisonous Vapours |     8 |    23 |    27 |    48 |    49 ||   155
       Ignite Poison     |       |     7 |    25 |    54 |    60 ||   146
       Olgreb's Toxic Ra |       |     5 |    18 |    38 |    42 ||   103
       Sandblast         |       |       |    14 |    16 |    17 ||    47
       Mephitic Cloud    |       |       |     6 |     4 |     3 ||    13
       Dazzling Flash    |       |       |     1 |       |       ||     1
       Summon Lightning  |       |       |       |     6 |       ||     6
Invok: Draw Destruction  |       |       |       |     4 |       ||     4
Evoke: Wand              |       |       |       |       |     1 ||     1
  Use: Scroll            |     4 |     2 |     8 |     3 |     5 ||    22
       Potion            |     1 |       |     3 |     1 |     2 ||     7
 Stab: Sleeping          |       |       |     2 |     4 |     1 ||     7
       Distracted        |       |       |       |     4 |     1 ||     5
Armor: Robe              |     1 |     4 |    13 |       |       ||    18
       Steam dragon scal |       |       |     6 |    74 |    18 ||    98
       Scale mail        |       |       |       |       |    90 ||    90
Dodge: Dodged            |     8 |    17 |    93 |   165 |   103 ||   386
Block: Buckler           |       |       |       |    37 |    75 ||   112

Table legend: (Time is in decaauts)
 A = Elapsed time spent in this place.
 B = Non-inter-level travel time spent in this place.
 C = Inter-level travel time spent in this place.
 D = Time resting spent in this place.
 E = Time spent auto-exploring this place.
 F = Levels seen in this place.
 G = Mean time per level.
                   A        B        C        D        E       F      G
               +--------+--------+--------+--------+--------+-----+--------+
         Total |  22602 |  21449 |   1153 |   3502 |  14773 |  19 | 1189.6 |
       Dungeon |  12791 |  11996 |    795 |   1459 |   8853 |  10 | 1279.1 |
        Temple |    339 |    295 |     44 |      0 |    294 |   1 |  339.0 |
          Lair |   8972 |   8672 |    300 |   2043 |   5288 |   6 | 1495.3 |
  Orcish Mines |    498 |    485 |     13 |      0 |    338 |   2 |  249.0 |
               +--------+--------+--------+--------+--------+-----+--------+

Top non-repeatable levels by time:
  Lair:1: 2322 daAuts
  Lair:3: 2201 daAuts
     D:4: 1771 daAuts
     D:8: 1590 daAuts
  Lair:2: 1440 daAuts
     D:3: 1336 daAuts
     D:2: 1318 daAuts
     D:6: 1220 daAuts
     D:1: 1209 daAuts
    D:10: 1198 daAuts
     D:9: 1196 daAuts
  Lair:5: 1069 daAuts
     D:5: 1007 daAuts
  Lair:6: 985 daAuts
  Lair:4: 952 daAuts
